 Dungeon Crawl Stone Soup version 0.22-a0-49-g614aadd (webtiles) character file.

26 KristoblXynda the Skirmisher (level 3, -6/34 HPs)
             Began as a Naga Fighter on Jan 8, 2018.
             Mangled by an iguana (11 damage)
             ... on level 2 of the Dungeon.
             The game lasted 00:01:16 (705 turns).

KristoblXynda the Skirmisher (Naga Fighter)          Turns: 705, Time: 00:01:17

Health: -6/34      AC:  4    Str: 18    XL:     3   Next: 8%
Magic:  3/3        EV:  5    Int:  9    God:
Gold:   41         SH:  8    Dex: 10    Spells: 2/2 levels left

rFire    . . .     SeeInvis +   a - +0 war axe
rCold    . . .     Gourm    .   c - +0 shield
rNeg     . . .     Faith    .   b - +0 scale mail
rPois    +         Spirit   .   (no helmet)
rElec    .         Reflect  .   (no cloak)
rCorr    .         Harm     .   (no gloves)
MR       .....                  (no barding)
Stlth    ..........             (no amulet)
HPRegen  0.11/turn              (no ring)
MPRegen  0.08/turn              (no ring)

@: very slow
A: large, see invisible, deformed body, poison resistance, slowness 2, slow
metabolism 1, spit poison 1, AC +1
a: Spit Poison


You were on level 2 of the Dungeon.
You were not hungry.

You visited 1 branch of the dungeon, and saw 2 of its levels.

You collected 41 gold pieces.

Inventory:

Hand Weapons
 a - a +0 war axe (weapon)
Armour
 b - a +0 scale mail (worn)
 c - a +0 shield (worn)
Scrolls
 e - 2 scrolls of teleportation {unknown}
 g - a scroll of enchant armour {unknown}
 h - a scroll of remove curse {unknown}
 i - a scroll of identify {unknown}
 l - a scroll of enchant weapon {unknown}
Potions
 d - a potion of might
 j - a potion of mutation {unknown}
 k - a potion of brilliance {unknown}
 m - a potion of agility {unknown}
Comestibles
 f - 6 rations


   Skills:
 - Level 3.0 Fighting
 + Level 2.5 Axes
 + Level 2.7 Armour
 + Level 2.8 Shields


You had 2 spell levels left.
You didn't know any spells.

Dungeon Overview and Level Annotations

Branches:
Dungeon (2/15)

Altars:
Trog
Uskayaw
Vehumet


Innate Abilities, Weirdness & Mutations

You cannot wear boots.
Your serpentine skin is tough. (AC +1)
You have supernaturally acute eyesight. (SInv)
Armour fits poorly on your strangely shaped body.
Your system is resistant to poisons. (rPois)
You cover ground very slowly.
You have a slow metabolism.
You can spit poison.


Message History

An iguana is nearby!
An iguana is nearby!
An iguana is nearby!
The iguana bites you but does no damage.
Found a bloodstained altar of Trog.
Press: ? - help, Shift-Dir - straight line, f - iguana
Aim: an iguana The splash of poison misses the iguana.
You feel slightly more hungry. You block the iguana's attack.
You closely miss the iguana. You block the iguana's attack.
You closely miss the iguana. The iguana bites you!
You hit the iguana but do no damage. The iguana bites you!
* * * LOW HITPOINT WARNING * * *
The iguana barely misses you.
You closely miss the iguana. You block the iguana's attack.
Unknown command.
Okay, then.
You have got your breath back.
The iguana bites you!
You die...

#....#
.....# #....
# #....
#.##...
....?# # #
#..##.#.#..
#.
#.@l......_
#.
#.#######..
##.##<####
#........#
#........#
#.##...#####
# #..####.#
#.###...#
#.# #.###


You could see an iguana.

Vanquished Creatures
  2 dart slugs
  A leopard gecko (D:1)
  3 giant cockroaches
  2 goblins
  2 hobgoblins
  2 bats (D:1)
  2 frilled lizards
  4 kobolds
  4 rats (D:1)
22 creatures vanquished.

Notes
Turn   | Place    | Note
-------+----------+-------------------------------------------
     0 | D:1      | KristoblXynda the Naga Fighter began the quest for the Orb.
     0 | D:1      | Reached XP level 1. HP: 21/21 MP: 1/1
   219 | D:1      | Reached XP level 2. HP: 22/28 MP: 2/2
   573 | D:2      | Found a hide-covered altar of Uskayaw.
   587 | D:2      | Found a radiant altar of Vehumet.
   674 | D:2      | Reached XP level 3. HP: 34/34 MP: 3/3
   699 | D:2      | Found a bloodstained altar of Trog.
   705 | D:2      | Mangled by an iguana

Vault maps used:
D:1:      nicolae_arrival_memento_mori, serial_curves, eino_curves_01,
          eino_curves_03
D:2:      eat_drink_and_be_merry_uskayaw, lemuel_crystal_altar,
          nicolae_overflow_crystal_walls, marbit_many_paths

Action                   || total
-------------------------++-------
Melee: War axe           ||    63
 Abil: Spit Poison       ||     2
Armor: Scale mail        ||    34
Dodge: Dodged            ||    13
Block: Shield            ||    33

Table legend:
 A = Spawn XP
 B = Non-spawn XP
 C = Spawn XP percentage of total XP
 D = Spawn monster count
 E = Non-spawn monster count
 F = Spawn count percentage of total count
 G = Total turns spent on level
                    A         B        C        D         E        F      G
               +---------+---------+-------+---------+---------+-------+---------
         Total |       0 |      38 |   0.0 |       0 |      22 |   0.0 |   705
               +---------+---------+-------+---------+---------+-------+---------
           D:1 |       0 |      26 |   0.0 |       0 |      16 |   0.0 |   514
           D:2 |       0 |      12 |   0.0 |       0 |       6 |   0.0 |   191
               +---------+---------+-------+---------+---------+-------+---------
